 Dungeon Crawl Stone Soup version 0.28-a0-10-g964c8b829e (webtiles) character file.

Game seed: 4689686537214748427

263 nelgraf2 the Ruffian (level 5, 0/40 HPs)
             Began as a Draconian Transmuter on July 26, 2021.
             Blown up by Ijyb (18 damage)
             ... with a mindburst bolt
             ... on level 4 of the Dungeon.
             The game lasted 00:06:31 (3546 turns).

nelgraf2 the Ruffian (Draconian Transmuter)         Turns: 3546, Time: 00:06:32

Health: 0/40       AC:  5    Str: 13    XL:     5   Next: 97%
Magic:  8/9        EV: 12    Int: 19    God:
Gold:   130        SH:  0    Dex: 12    Spells: 2/10 levels left

rFire   + . .      SeeInvis .     - Unarmed
rCold   . . .      Faith    .   (no shield)
rNeg    . . .      Spirit   .   (armour unavailable)
rPois   .          Reflect  .   (helmet currently unavailable)
rElec   .          Harm     .   (no cloak)
rCorr   .          Rampage  .   (no gloves)
Will    .....                   (boots currently unavailable)
Stlth   +.........              (no amulet)
HPRegen 0.13/turn               f - ring of protection from fire
MPRegen 0.11/turn               m - +6 ring of intelligence

@: appendages
A: horns 2, talons 2, AC +5, unfitting armour, cold-blooded
a: End Transformation


You were on level 4 of the Dungeon.
You had temporarily grown beastly horns and talons.
You visited 1 branch of the dungeon, and saw 4 of its levels.

You collected 130 gold pieces.

Inventory:

Jewellery
 f - a ring of protection from fire (left hand)
 m - a +6 ring of intelligence (right hand)
Scrolls
 a - a scroll of immolation {unknown}
 b - a scroll of identify {unknown}
 c - 2 scrolls of enchant armour {unknown}
 d - a scroll of blinking {unknown}
 e - 2 scrolls of noise {unknown}
 g - 2 scrolls of enchant weapon
 i - a scroll of holy word {unknown}
Potions
 j - a potion of mutation {unknown}
 k - a potion of flight {unknown}
 l - a potion of attraction {unknown}


   Skills:
 + Level 1.5 Fighting
 + Level 2.7 Dodging
 - Level 0.2 Stealth
 + Level 4.7 Unarmed Combat
 + Level 3.2 Spellcasting
 + Level 3.3 Transmutations


You had 2 spell levels left.
You knew the following spells:

 Your Spells              Type           Power      Damage    Failure   Level
a - Beastly Appendage     Tmut           30%        N/A       3%          1
b - Blink                 Tloc           N/A        N/A       22%         2
c - Wereblood             Tmut           15%        N/A       6%          2
d - Spider Form           Tmut/Pois      4%         N/A       22%         3

Your spell library contained the following spells:

 Spells                   Type           Power      Damage    Failure   Level
 Inner Flame              Hex/Fire       3%         N/A       41%         3
 Lesser Beckoning         Tloc           1%         N/A       41%         3
 Ice Form                 Ice/Tmut       9%         N/A       58%         4
 Cause Fear               Hex            1%         N/A       83%         4
 Manifold Assault         Tloc           3%         N/A       99%         5
 Discord                  Hex            1%         N/A       100%        8


Dungeon Overview and Level Annotations

Branches:
Dungeon (4/15)
 Temple: D:4-7

Altars:
Kikubaaqudgha

Shops:
D:1 *

Annotations:
D:3 3 runed translucent doors, RascalDebosk's ghost, amateur HOFi
D:4 Ijyb


Innate Abilities, Weirdness & Mutations

You have temporarily grown beastly horns and talons.
Your plain brown scales are hard. (AC +5)
You cannot fit into any form of body armour.
You are cold-blooded and may be slowed by cold attacks.


Message History

Found a ring mail.
An adder comes into view.
An adder is nearby!
Casting: Beastly Appendage (safe; 4% risk of failure)
Confirm with . or Enter, or press ? or * to list all spells.
You miscast Beastly Appendage.
You are very lightly contaminated with residual magic.
Nothing appears to happen.
No target in view!
Your horns disappear.
Your talons disappear.
Your magical contamination has completely faded away.
Ijyb the Twisted Goblin comes into view.
She is wielding a +0 dagger and carrying a wand of mindburst (14).
Ijyb shouts!
Ijyb zaps a wand.
Your mind is blasted!
An adder skeleton comes into view.
Ijyb zaps a wand.
Your mind is blasted!
A hound comes into view.
Ijyb zaps a wand.
Your mind is blasted!
e - 2 scrolls labelled ZUCOYDO LYEMAGE (gained 1)
There are no items here.
Casting: Beastly Appendage (safe; 4% risk of failure)
Confirm with . or Enter, or press ? or * to list all spells.
You grow a pair of large bovine horns.
Your feet morph into talons.
The adder skeleton bites you.
You hit the adder skeleton.
The adder skeleton is heavily damaged.
You hear an angry hiss.
The adder skeleton barely misses you.
Ijyb zaps a wand.
Your mind is blasted!
You hit the adder skeleton but do no damage.
The adder skeleton is heavily damaged.
You hit the adder. You claw the adder.
The adder is severely wounded.
The adder bites you.
You are too injured to fight recklessly!
You barely miss the adder. You headbutt the adder.
You kill the adder!
You hit Ijyb. Your headbutt misses Ijyb.
Ijyb is lightly wounded.
Ijyb zaps a wand.
Your mind is blasted!
You die...

##......# ........#.
.... #........#.##..
.... #.........##....##
.....
#<.....h..#......#
.....
..#.......#......#.....
..#.......##....##....
.........#.##..##.#..
........#.#.#..#@#.#
........##.#...g#Z#
.......#.##......##.#
......#.#..........#
..#...##........[Zg.#
..#..#................#
.......................
....#######............
.... #######.....#


You could see Ijyb and an adder skeleton.

Vanquished Creatures
  A phantom (D:3)
  A hound (D:3)
  An orc priest (D:3)
  Robin (D:2)
  An adder (D:4)
  An adder skeleton (D:4)
  2 worms
  2 dart slugs
  3 orcs (D:3)
  5 endoplasms
  4 giant cockroaches
  14 goblins
  7 hobgoblins (D:2)
  8 jackals
  7 kobolds
  4 quokkas
  7 ball pythons
  6 bats
  2 frilled lizards (D:2)
  4 rats
81 creatures vanquished.

Vanquished Creatures (others)
  4 withered plants (D:3)
4 creatures vanquished.

Grand Total: 85 creatures vanquished

Notes
Turn   | Place    | Note
-------+----------+-------------------------------------------
     0 | D:1      | nelgraf2 the Draconian Transmuter began the quest for the
                  | Orb.
     0 | D:1      | Reached XP level 1. HP: 16/16 MP: 3/3
   250 | D:1      | Found Eleenn's Assorted Antiques.
   262 | D:1      | Reached XP level 2. HP: 18/23 MP: 3/5
   665 | D:1      | Reached XP level 3. HP: 28/28 MP: 4/6
   862 | D:1      | Found a faded altar of an unknown god.
  1493 | D:2      | Noticed Robin
  1517 | D:2      | Reached XP level 4. HP: 21/35 MP: 7/7
  1539 | D:2      | Killed Robin
  2114 | D:3      | Found an ancient bone altar of Kikubaaqudgha.
  2205 | D:3      | Found a runed translucent gate.
  2208 | D:3      | Found a runed translucent gate.
  2257 | D:3      | Reached skill level 4 in Unarmed Combat
  2789 | D:3      | Noticed a phantom
  2802 | D:3      | Killed a phantom
  2803 | D:3      | Reached XP level 5. HP: 12/40 MP: 9/9
  3154 | D:3      | Found a runed translucent gate.
  3154 | D:3      | Noticed RascalDebosk's ghost (amateur HOFi)
  3279 | D:3      | Learned a level 2 spell: Blink
  3282 | D:3      | Learned a level 2 spell: Wereblood
  3286 | D:3      | Learned a level 3 spell: Spider Form
  3532 | D:4      | Noticed Ijyb
  3546 | D:4      | Blown up by Ijyb

Illustrated notes

Levels and vault maps discovered:
D:1:      eino_arrival_water_cross, layout_rooms, serial_shops, shop,
          shapermc_ecumenical_altar_pompeii
D:2:      layout_basic, wad_floor_pattern_2, uniq_robin
D:3:      layout_basic, kiku_gazebo_garden_becter, ebering_ghost_rock_garden,
          serial_curves, eino_curves_04, eino_curves_02, eino_curves_03,
          moated_statue, minmay_bisected
D:4:      layout_rooms, grunt_decor_resistance, corexii_leaking_fountain,
          corexii_hall_statues_s, minmay_misc_feat_secret_circle, uniq_ijyb

Skill      XL: |  1  2  3  4 |
---------------+-------------+-----
Dodging        | 2 |  2.7
Unarmed Combat | 4 |  4.7
Spellcasting   | 3 |  3.2
Transmutations | 3 |  3.3
Fighting       | |  1.5
Stealth        | |  0.2

Action                   |  1- 3 |  4- 6 || total
-------------------------+-------+-------++-------
Melee: Unarmed           |   143 |   102 ||   245
       Kick              |    27 |    18 ||    45
       Tailslap          |    17 |    10 ||    27
       Headbutt          |    14 |     6 ||    20
       Punch             |       |     2 ||     2
 Cast: Beastly Appendage |    26 |    16 ||    42
  Use: Potion            |       |     3 ||     3
       Scroll            |       |     1 ||     1
Armor: Skin              |    55 |    30 ||    85
Dodge: Dodged            |   114 |    58 ||   172

Table legend: (Time is in decaauts)
 A = Elapsed time spent in this place.
 B = Non-inter-level travel time spent in this place.
 C = Inter-level travel time spent in this place.
 D = Time resting spent in this place.
 E = Time spent auto-exploring this place.
 F = Levels seen in this place.
 G = Mean time per level.
                   A        B        C        D        E       F      G
               +--------+--------+--------+--------+--------+-----+--------+
         Total |   3533 |   3504 |     29 |    827 |   2138 |   4 |  883.2 |
       Dungeon |   3533 |   3504 |     29 |    827 |   2138 |   4 |  883.2 |
               +--------+--------+--------+--------+--------+-----+--------+

Top non-repeatable levels by time:
     D:3: 1395 daAuts
     D:2: 1156 daAuts
     D:1: 925 daAuts
     D:4: 56 daAuts
